 Dungeon Sprint DCSS version 0.31-a0-408-gb642c7f9a3 (webtiles) character file.

Game seed: 13312576592046614713

8262 rocky1 the Black Belt (level 11, -1/127 HPs)
             Began as an Octopode Shapeshifter on July 30, 2023.
             Was an Initiate of Gozag.
             Killed by the air
             ... invoked by a spriggan air mage
              (20 damage)
             ... in the Dungeon (Sprint VII: "The Pits").
             The game lasted 00:09:59 (4056 turns).

rocky1 the Black Belt (Octopode Shapeshifter)       Turns: 4056, Time: 00:09:59

Health: -1/127     AC:  4    Str: 15    XL:     11   Next: 28%
Magic:  17/17      EV: 25    Int: 12    God:    Gozag
Gold:   900        SH:  0    Dex: 21    Spells: 19/19 levels left

rFire   + .          .
                       - Unarmed
rCold   + . .        (no shield)
rNeg    . . .        (helmet currently unavailable)
rPois   +            (no amulet)
rElec   +            l - +3 ring of evasion
rCorr   +            o - +3 ring of protection
SInv    .            h - ring of the Sun {Will+ Dex+6}
Will    +....        (no ring) Stlth
                     (no ring)
HPRegen 0.41/turn    (no ring)
MPRegen 0.15/turn    (no ring)
                     (no ring)

%: no teleportation
@: mighty, berserking, beast-form, resistant, gold aura, hasted, invisible, very
quick
A: beast (slay +7), almost no armour, amphibious, 8 rings, camouflage 1,
gelatinous body 1, (nimble swimmer 1), tentacles
a: Begin Untransformation, Renounce Religion, Potion Petition, Call Merchant,
Bribe Branch


You were in the Dungeon.
You worshipped Gozag.
Gozag was pleased with you.
You were a hulking beast.
You visited 1 branch You collected 4347 gold pieces.
You spent 1261 gold pieces at shops.
You paid 2186 gold pieces to Gozag.

Inventory:

Armour
 q - a +0 hat
Jewellery
 h - the ring of the Sun (on tentacle) {Will+ Dex+6}
   (You bought it in a shop in the Dungeon)

   [ring of dexterity]

   Dex:       It affects your dexterity (+6).
   Will:      It increases your willpower.
 l - a +3 ring of evasion (left tentacle)
 o - a +3 ring of protection (right tentacle)
Talismans
 b - a beast talisman
Scrolls
 j - 5 scrolls of amnesia
 k - a scroll of summoning
Potions
 a - a potion of lignification
 c - 5 potions of curing
 d - 5 potions of heal wounds
 e - a potion of haste
 f - 4 potions of magic
 g - a potion of berserk rage
 m - a potion of resistance
 n - 3 potions of mutation
 p - 2 potions of might
 r - a potion of brilliance


   Skills:
 + Level 11.7 Fighting
 + Level 11.7 Dodging
 - Level 13.0 Stealth
 * Level 16.1 Unarmed Combat
 - Level 4.5 Spellcasting
 - Level 10.0 Shapeshifting


You had 19 spell levels left.
You didn't know any spells.
Your spell library was empty.

Dungeon Overview and Level Annotations

Branches:
Dungeon (1/1)

Altars:
Ashenzari
Cheibriados
Dithmenos
Elyvilon
Fedhas
Gozag
Hepliaklqana
Kikubaaqudgha
Makhleb
Nemelex Xobeh
Okawaru
Qazlal
Ru
Sif Muna
Trog
Uskayaw
Vehumet
Wu Jian
Xom
Yredelemnul
Zin
The Shining One
Jiyva
Lugonu

Shops:
D =


Innate Abilities, Weirdness & Mutations

You are a hulking beast.
Your limbs bulge with bestial killing power. (Slay +7)
You cannot wear most types of armour.
You are amphibious.
You can wear up to eight rings at the same time.
Your skin changes colour to match your surroundings (Stealth+).
Your rubbery body absorbs attacks. (AC +1, EV +1)
((You are camouflaged when in or above water. (Stealth+)))
You have tentacles for arms and can constrict up to eight enemies at once.


Message History

The anaconda hisses angrily.
The spriggan air mage waves its arms in wide circles.
The air twists around and strikes you!!
Found five items.
A spriggan air mage opens the door.
The daeva blocks your attack. x2; You tentacle-slap the daeva!!
The daeva is lightly wounded.
The daeva closely misses you. x2
A red film seems to cover your vision as you go berserk!
You feel yourself moving faster!
You feel mighty! The daeva closely misses you.
The daeva hits you with a +2 long sword of holy wrath!
The deep elf high priest starts to sing a prayer.
Unknown command.
The daeva blocks your attack. x2
The daeva is lightly wounded.
You batter the daeva!! You grab the daeva. You tentacle-slap the daeva!
The daeva is heavily wounded.
You constrict the daeva, but do no damage.
The daeva hits you with a +2 long sword of holy wrath!!
The daeva completely misses you.
You batter the daeva!!
The daeva is severely wounded.
You constrict the daeva, but do no damage.
The daeva blocks your attack.
You squeeze the daeva.
The daeva is severely wounded.
You constrict the daeva.
The spriggan air mage waves its arms in wide circles.
The air twists around and strikes you!!
* * * LOW HITPOINT WARNING * * *
You batter the daeva!! Your squeeze misses the daeva.
The daeva is almost dead.
You constrict the daeva, but do no damage.
The daeva calls down the wrath of the Shining One upon you.
The Shining One smites you!
* * * LOW HITPOINT WARNING * * *
You bludgeon the daeva! You tentacle-slap the daeva.
You kill the daeva!
The spriggan air mage waves its arms in wide circles.
You die...
Your body crumbles into a pile of gold.

#..#....#..#
+..........#
+..........#
#..#....#..#
#..........+
#..........+ $
###''####''#
###''####''##########
#.i.h..##............
#.#$##.##............
#.#DX .##..##########
# 'eS# ##..# .#S:+
#..#
++###########.+.=#
#..# .......##..##
##+# #..#
#......##..# #..#
.......''..# #..#


You could see an ice dragon (unable to see you), an anaconda (unable to see
you), a deep elf high priest (unable to see you) and a spriggan air mage (repels
missiles).

Vanquished Creatures
  Gastronok (D)
  A daeva (D)
  An emperor scorpion (D)
  A vampire mage (D)
  A demonic crawler (D)
  A shadow wraith (D)
  A deep elf pyromancer (D)
  A cyclops (D)
  2 smoke demons (D)
  A cane toad (D)
  A gargoyle (D)
  An efreet (D)
  A troll (D)
  A polar bear (D)
  A large abomination (D)
  A snapping turtle (D)
  A shadow (D)
  A ynoxinul (D)
  A wyvern (D)
  3 vampire mosquitoes (D)
  A floating eye (D)
  A small abomination (D)
  4 wolves (D)
  A phantom (D)
  An earth elemental (D)
  A scorpion (D)
  A killer bee (D)
  An orc priest (D)
  A quasit (D)
  A hell rat (D)
  3 orc wizards (D)
  A mummy (D)
  A river rat (D)
  2 white imps (D)
  A worm (D)
  11 orcs (D)
  A ball python (D)
  2 endoplasms (D)
  3 jackals (D)
  A quokka (D)
  A ball python skeleton (D)
  A ball python zombie (D)
  2 rats (D)
66 creatures vanquished.

Notes
Turn   | Place    | Note
-------+----------+-------------------------------------------
     0 | D        | rocky1 the Octopode Shapeshifter began the quest for the
                  | Orb.
     0 | D        | Reached XP level 1. HP: 13/13 MP: 1/1
    41 | D        | Found a bloodstained altar of Trog.
    41 | D        | Found a shimmering blue altar of Sif Muna.
    41 | D        | Found a viscous altar of Jiyva.
    41 | D        | Found a hazy altar of Hepliaklqana.
    41 | D        | Found an opulent altar of Gozag.
    42 | D        | Found a glowing golden altar of the Shining One.
    42 | D        | Found a glowing silver altar of Zin.
    42 | D        | Found a basalt altar of Yredelemnul.
    42 | D        | Found a shimmering altar of Xom.
    42 | D        | Found an ornate altar of the Wu Jian Council.
    42 | D        | Found a sacrificial altar of Ru.
    42 | D        | Found a stormy altar of Qazlal.
    42 | D        | Found an iron altar of Okawaru.
    42 | D        | Found a sparkling altar of Nemelex Xobeh.
    42 | D        | Found a burning altar of Makhleb.
    42 | D        | Found a blossoming altar of Fedhas.
    42 | D        | Found a white marble altar of Elyvilon.
    42 | D        | Found a shadowy altar of Dithmenos.
    42 | D        | Found a snail-covered altar of Cheibriados.
    44 | D        | Found a radiant altar of Vehumet.
    44 | D        | Found a corrupted altar of Lugonu.
    46 | D        | Found an ancient bone altar of Kikubaaqudgha.
    46 | D        | Found a hide-covered altar of Uskayaw.
    46 | D        | Found a broken altar of Ashenzari.
    49 | D        | Became a worshipper of Gozag Ym Sagoz the Greedy
    81 | D        | Reached skill level 1 in Stealth
    81 | D        | Reached XP level 2. HP: 17/18 MP: 2/2
   177 | D        | Noticed a floating eye
   189 | D        | Reached skill level 4 in Unarmed Combat
   190 | D        | Reached skill level 1 in Spellcasting
   194 | D        | Killed a floating eye
   195 | D        | Reached skill level 5 in Unarmed Combat
   195 | D        | Reached skill level 5 in Shapeshifting
   195 | D        | Reached XP level 3. HP: 25/26 MP: 3/6
   195 | D        | Reached XP level 4. HP: 30/31 MP: 3/7
   195 | D        | Reached XP level 5. HP: 35/36 MP: 3/8
   390 | D        | Noticed a phantom
   424 | D        | Reached skill level 5 in Stealth
   424 | D        | Reached skill level 6 in Unarmed Combat
   453 | D        | Killed a phantom
   454 | D        | Reached skill level 7 in Unarmed Combat
   454 | D        | Reached XP level 6. HP: 29/44 MP: 9/11
   457 | D        | Reached skill level 5 in Dodging
   658 | D        | Reached skill level 5 in Fighting
   662 | D        | Reached skill level 8 in Unarmed Combat
   662 | D        | Reached XP level 7. HP: 36/50 MP: 11/13
  1141 | D        | Bought 2 potions of might for 88 gold pieces
  1141 | D        | Bought a potion of haste for 110 gold pieces
  1141 | D        | Bought a potion of heal wounds for 55 gold pieces
  1141 | D        | Bought a potion of degeneration for 11 gold pieces
  1141 | D        | Bought a potion of heal wounds for 55 gold pieces
  1141 | D        | Bought a potion of curing for 33 gold pieces
  1141 | D        | Bought a potion of mutation for 88 gold pieces
  1141 | D        | Bought a potion of brilliance for 44 gold pieces
  1173 | D        | Noticed a cyclops
  1180 | D        | Killed a cyclops
  1181 | D        | Reached skill level 9 in Unarmed Combat
  1181 | D        | Reached XP level 8. HP: 57/57 MP: 14/14
  1186 | D        | Noticed a polar bear
  1186 | D        | Noticed a shadow
  1200 | D        | Killed a shadow
  1211 | D        | Killed a polar bear
  1212 | D        | Reached skill level 10 in Unarmed Combat
  1216 | D        | Noticed a snapping turtle
  1223 | D        | Noticed a smoke demon
  1227 | D        | Killed a snapping turtle
  1295 | D        | Killed a smoke demon
  1296 | D        | Reached skill level 10 in Stealth
  1296 | D        | Reached XP level 9. HP: 34/64 MP: 15/15
  1404 | D        | Noticed a cane toad
  1404 | D        | Noticed a demonic crawler
  1421 | D        | Killed a cane toad
  1422 | D        | Reached skill level 11 in Unarmed Combat
  1429 | D        | HP: 1/99 [demonic crawler (11)]
  1430 | D        | Killed a demonic crawler
  1431 | D        | Reached skill level 10 in Shapeshifting
  1750 | D        | Noticed a troll
  1754 | D        | Killed a troll
  1755 | D        | Reached skill level 12 in Unarmed Combat
  1978 | D        | Noticed a gargoyle
  1983 | D        | Killed a gargoyle
  1984 | D        | Reached XP level 10. HP: 47/74 MP: 16/16
  2071 | D        | Bought the ring of the Sun {Will+ Dex+6} for 777 gold
                  | pieces
  2193 | D        | Noticed a four-headed hydra
  2489 | D        | Reached skill level 13 in Unarmed Combat
  2498 | D        | HP: 1/74 [wolf (9)]
  2503 | D        | Killed a shadow wraith
  2840 | D        | Noticed Gastronok
  2853 | D        | Killed Gastronok
  2854 | D        | Reached skill level 10 in Fighting
  2854 | D        | Reached skill level 10 in Dodging
  2854 | D        | Reached skill level 14 in Unarmed Combat
  2866 | D        | Noticed a vampire mage
  3296 | D        | Killed a vampire mage
  3297 | D        | Reached skill level 15 in Unarmed Combat
  3297 | D        | Reached XP level 11. HP: 31/83 MP: 17/17
  3681 | D        | Noticed a deep elf pyromancer
  3681 | D        | Noticed an emperor scorpion
  3686 | D        | Killed a deep elf pyromancer
  3696 | D        | Killed an emperor scorpion
  3697 | D        | Reached skill level 16 in Unarmed Combat
  4047 | D        | Found the +3 pair of seven-league boots {Rampage+∞}
  4047 | D        | Noticed a daeva
  4047 | D        | Noticed a deep elf high priest
  4047 | D        | Noticed an ice dragon
  4047 | D        | Noticed a spriggan air mage
  4047 | D        | Noticed an anaconda
  4056 | D        | Killed a daeva
  4056 | D        | Killed from afar by a spriggan air mage

Illustrated notes

Levels and vault maps discovered:
D:        pitsprint [storerooms_1, entrance_room_1, metal_vault_5, armoury_2,
          mini_pit_1, grid_room_1, main_hall_1, silver_pit, the_coven_1,
          the_vestibule_1, steel_vault_1, golden_pit, hallway_of_sentries,
          crystal_vault_5, iron_vault_5, final_vault]

Skill      XL: |  1  2  3  4  5  6  7  8  9 10 11 |
---------------+----------------------------------+-----
Stealth        | 1 4 5 6 8 10 11 13 | 13.0
Unarmed Combat | 5 7 8 9 10 12 15 16 | 16.1
Fighting       | 3 4 5 6 7 9 11 | 11.7
Spellcasting   | 2 3 4 |  4.5
Dodging        | 3 4 5 6 7 9 11 | 11.7
Shapeshifting  | 5 6 8 9 10 | 10.0

Action                     |  1- 3 |  4- 6 |  7- 9 | 10-12 || total
---------------------------+-------+-------+-------+-------++-------
  Melee: Unarmed           |    18 |    36 |    78 |    75 ||   207
         Constrict         |     7 |     9 |     7 |     8 ||    31
         Tentacles         |     4 |     5 |    17 |    19 ||    45
         Punch             |     1 |     3 |     8 |    14 ||    26
 Invoke: Call Merchant     |       |       |     1 |     1 ||     2
         Potion Petition   |       |       |       |     1 ||     1
    Use: Potion            |       |     1 |     6 |    10 ||    17
         Scroll            |       |       |     1 |       ||     1
   Stab: Sleeping          |     2 |     2 |     6 |       ||    10
         Invisible         |       |       |     3 |     1 ||     4
 Armour: Skin              |       |     1 |    14 |     3 ||    18
  Dodge: Dodged            |    14 |    23 |    67 |    64 ||   168

Table legend: (Time is in decaauts)
 A = Elapsed time spent in this place.
 B = Non-inter-level travel time spent in this place.
 C = Inter-level travel time spent in this place.
 D = Time resting spent in this place.
 E = Time spent auto-exploring this place.
 F = Levels seen in this place.
 G = Mean time per level.
                   A        B        C        D        E       F      G
               +--------+--------+--------+--------+--------+-----+--------+
         Total |   4049 |   3946 |    103 |   3105 |      0 |   1 | 4049.0 |
       Dungeon |   4049 |   3946 |    103 |   3105 |      0 |   1 | 4049.0 |
               +--------+--------+--------+--------+--------+-----+--------+

Top non-repeatable levels by time:
       D: 4049 daAuts
